 Dungeon Crawl Stone Soup version 0.28.0-45-g0d030f2227 (webtiles) character file.

Game seed: 8083185707245077836

3920 sking99 the Grappler (level 10, -6/88 HPs)
             Began as a Troll Monk on May 20, 2022.
             Was an Elder of Hepliaklqana.
             Mangled by a two-headed ogre
             ... wielding a +0 giant club
              (30 damage)
             ... on level 8 of the Dungeon.
             The game lasted 00:11:51 (6179 turns).

sking99 the Grappler (Troll Monk)                   Turns: 6179, Time: 00:11:52

Health: -6/88      AC:  7    Str: 25    XL:     10   Next: 1%
Magic:  12/12      EV: 12    Int:  6    God:    Hepliaklqana [****..]
Gold:   451        SH:  0    Dex: 12    Spells: 9/9 levels left

rFire   . . .      SeeInvis .     - Unarmed
rCold   . . .      Faith    .   (no shield)
rNeg    . . .      Spirit   .   p - +0 steam dragon scales
rPois   +          Reflect  .   (helmet restricted)
rElec   .          Harm     .   (no cloak)
rCorr   .          Rampage  .   (gloves unavailable)
Will    .....                   (boots unavailable)
Stlth   ++........              (no amulet)
HPRegen 1.04/turn               q - ring of poison resistance
MPRegen 0.13/turn               (no ring)

@: no status effects
A: reduced essence, large, unfitting armour, claws 3, regeneration 1, shaggy fur
1, tough skin 1
a: Renounce Religion, Recall Ancestor, Ancestor Identity, Transference, Idealise


You were on level 8 of the Dungeon.
You worshipped Hepliaklqana.
Hepliaklqana was greatly pleased with you.
You visited 2 branches of the dungeon, and saw 11 of its levels.

You collected 451 gold pieces.

Inventory:

Armour
 p - +0 steam dragon scales (worn)
Jewellery
 o - a ring of fire
 q - a ring of poison resistance (left claw)
Wands
 k - a wand of mindburst (9)
Scrolls
 a - a scroll of fog
 b - 2 scrolls of magic mapping
 d - 4 scrolls of teleportation
 f - a scroll of identify
 l - 2 scrolls of blinking {unknown}
Potions
 c - 6 potions of brilliance
 g - a potion of might
 h - 3 potions of flight {unknown}
 i - a potion of invisibility
 j - 2 potions of attraction
 m - a potion of ambrosia {unknown}
 n - a potion of mutation {unknown}
 r - a potion of curing {unknown}


   Skills:
 + Level 6.2 Fighting
 + Level 6.2 Dodging
 - Level 1.0 Stealth
 * Level 10.2 Unarmed Combat
 + Level 4.0 Invocations


You had 9 spell levels left.
You didn't know any spells.
Your spell library contained the following spells:

 Spells                   Type           Power      Damage    Failure   Level
 Animate Skeleton         Necr           0%         N/A       45%         1
 Pain                     Necr           0%         1d4       45%         1
 Gell's Gravitas          Tloc           0%         N/A       83%         3
 Lesser Beckoning         Tloc           0%         N/A       83%         3
 Teleport Other           Tloc           0%         N/A       83%         3
 Vampiric Draining        Necr           0%         2d6       83%         3
 Chain Lightning          Conj/Air       0%         N/A       100%        9
 Fire Storm               Conj/Fire      0%         5d1       100%        9
 Shatter                  Erth           0%         3d5*      100%        9


Dungeon Overview and Level Annotations

Branches:
Dungeon (10/15)            Temple (1/1) D:7            Lair (0/6) D:10
    Orc: D:9-12

Altars:
Ashenzari
Cheibriados
Dithmenos
Elyvilon
Fedhas
Gozag
Hepliaklqana
Kikubaaqudgha
Makhleb
Nemelex Xobeh
Okawaru
Qazlal
Ru
Sif Muna
Trog
Uskayaw
Vehumet
Wu Jian
Xom
Yredelemnul
Zin
The Shining One

Shops:
D:4 *   D:5 =

Annotations:
D:6 1 runed translucent door, MisterFreud's ghost, novice GnDe
D:10 Fannar; Harold


Innate Abilities, Weirdness & Mutations

Your life essence is reduced to manifest your ancestor. (-10% HP)
You are too large for most types of armour.
You have claws for hands.
Your natural rate of healing is unusually fast.
You are covered in fur. (AC +1)
You have tough skin. (AC +1)


Message History

Done exploring.
Done exploring.
Press: ? - help, . - travel You can't see that place. [a staircase back to the Dungeon.]
There is a staircase back to the Dungeon here.
You climb upwards.
Welcome back to the Dungeon!
There is a staircase to the Ecumenical Temple here.
Done exploring.
Done exploring.
There is an open door here.
There is a stone staircase leading down here.
You climb downwards.
There is a stone staircase leading up here.
Done exploring.
There is a stone staircase leading down here.
You climb downwards.
The centaur shoots an arrow.
The arrow hits you!
The two-headed ogre hits you with a +0 giant club.
The two-headed ogre hits you with a +0 giant spiked club!
There is a stone staircase leading up, spattered with blood here.
You scratch the two-headed ogre but do no damage.
The centaur shoots an arrow.
The arrow hits you but does no damage.
The two-headed ogre hits you with a +0 giant club!
The two-headed ogre hits you with a +0 giant spiked club!!
* * * LOW HITPOINT WARNING * * *
The centaur shoots an arrow.
The arrow hits you.
* * * LOW HITPOINT WARNING * * *
Sam barely misses the two-headed ogre.
The centaur shoots an arrow.
The arrow hits you!
* * * LOW HITPOINT WARNING * * *
The two-headed ogre hits you with a +0 giant club!
* * * LOW HITPOINT WARNING * * *
The two-headed ogre hits you but does no damage.
You climb upwards.
There is a stone staircase leading down here.
You feel much better.
Sam hits the two-headed ogre with a +0 dagger of draining.
Sam drains the two-headed ogre.
The two-headed ogre hits you with a +0 giant club!!
You die...

##...........##.......#..
##......).....##......##..
#.......))................
#.#.....)......#..[.......
#.#.....)......#........##
#.#.R.####.........#....#
#.#.### ##..#....<.#..#.#
#.....###OR.#.#.........#
#.###R#..@#...#.........#
#.......####............##
#####.....................
#......#................
#.......♣.#.............
#....#...............###
#.....♣...♣......###.###
#...........#...........
#.......<...#...#######.


You could see the friendly Sam the hexer and a two-headed ogre (drained, ally
target).

Vanquished Creatures
  Maggie (D:7)
  Grinder (D:6)
  A wyvern (D:9)
  An acid dragon (D:8)
  2 water moccasins (D:7)
  4 orc warriors
  A black bear (D:7)
  A hornet zombie (D:7)
  An ice beast (D:6)
  2 ogres
  4 centaurs
  2 kobold brigands (D:8)
  2 wyvern zombies
  A scorpion (D:5)
  8 wights (D:8)
  A howler monkey (D:7)
  A bullfrog zombie (D:5)
  A centaur zombie (D:9)
  3 hounds
  Terence (D:2)
  3 orc wizards (D:8)
  An iguana (D:4)
  A hound zombie (D:5)
  A hound skeleton (D:4)
  A howler monkey skeleton (D:7)
  3 gnolls (D:3)
  6 adders
  A shadow imp (D:5)
  2 white imps (D:6)
  A worm (D:3)
  3 dart slugs
  7 orcs
  5 ball pythons
  8 bats
  5 endoplasms (D:1)
  6 giant cockroaches
  3 goblins
  6 hobgoblins
  11 kobolds
  2 quokkas
  2 frilled lizards
  5 rats
122 creatures vanquished.

Vanquished Creatures (collateral kills)
  An acid dragon (D:5)
  An ice beast (D:4)
  2 ogres
  A black bear (D:7)
  A wight (D:8)
  A bullfrog zombie (D:6)
  2 jellies
  An orc priest (D:7)
  A hound (D:4)
  2 orc wizards
  3 adders
  2 orcs (D:8)
  A ball python (D:3)
  An endoplasm (D:4)
  A bat (D:2)
  3 kobolds (D:8)
24 creatures vanquished.

Vanquished Creatures (others)
  3 hexers
  An orc (D:10)
  A fungus (D:10)
  6 plants (D:10)
  2 withered plants (D:6)
13 creatures vanquished.

Grand Total: 159 creatures vanquished

Notes
Turn   | Place    | Note
-------+----------+-------------------------------------------
     0 | D:1      | sking99 the Troll Monk began the quest for the Orb.
     0 | D:1      | Reached XP level 1. HP: 22/22 MP: 0/0
   115 | D:1      | Found a faded altar of an unknown god.
   394 | D:1      | Reached XP level 2. HP: 25/29 MP: 1/1
   789 | D:2      | Reached XP level 3. HP: 36/36 MP: 2/2
  1064 | D:2      | Found a hazy altar of Hepliaklqana.
  1076 | D:2      | Became a worshipper of Hepliaklqana the Forgotten
  1076 | D:2      | Reached * piety under Hepliaklqana
  1076 | D:2      | Reached ** piety under Hepliaklqana
  1077 | D:2      | Remembered your ancestor Sam as a hexer
  1304 | D:2      | Noticed Terence
  1314 | D:2      | Killed Terence
  1315 | D:2      | Reached skill level 4 in Unarmed Combat
  1315 | D:2      | Reached XP level 4. HP: 31/40 MP: 3/3
  1513 | D:3      | Reached XP level 5. HP: 46/47 MP: 4/4
  2237 | D:4      | Noticed an ogre
  2250 | D:4      | Killed an ogre
  2251 | D:4      | Reached skill level 5 in Unarmed Combat
  2383 | D:4      | Reached XP level 6. HP: 37/54 MP: 5/5
  2399 | D:4      | Found Feuba's Assorted Antiques.
  2542 | D:4      | Noticed an ice beast
  2546 | D:4      | Killed an ice beast
  2671 | D:4      | Reached skill level 6 in Unarmed Combat
  2780 | D:4      | Reached *** piety under Hepliaklqana
  2918 | D:5      | Entered Level 5 of the Dungeon
  2918 | D:5      | Found Xisel's Jewellery Boutique.
  2942 | D:5      | Reached XP level 7. HP: 39/61 MP: 6/6
  3589 | D:5      | Reached skill level 7 in Unarmed Combat
  3589 | D:5      | Reached XP level 8. HP: 14/71 MP: 7/7
  3918 | D:6      | Reached **** piety under Hepliaklqana
  3951 | D:6      | Found a runed translucent door.
  3951 | D:6      | Noticed MisterFreud's ghost (novice GnDe)
  4078 | D:6      | Noticed Grinder
  4084 | D:6      | Killed Grinder
  4085 | D:6      | Reached skill level 5 in Fighting
  4085 | D:6      | Reached skill level 5 in Dodging
  4085 | D:6      | Reached skill level 8 in Unarmed Combat
  4085 | D:6      | Reached skill level 1 in Invocations
  4342 | D:7      | Noticed Maggie
  4355 | D:7      | Killed Maggie
  4356 | D:7      | Reached XP level 9. HP: 66/79 MP: 9/9
  4755 | D:7      | You fall into a shaft and drop 3 floors!
  4755 | D:10     | Entered Level 10 of the Dungeon
  4755 | D:10     | Found a snail-covered altar of Cheibriados.
  4757 | D:10     | Noticed Fannar
  4780 | D:10     | Reached skill level 9 in Unarmed Combat
  4871 | D:10     | Noticed Harold
  5408 | D:8      | Reached skill level 10 in Unarmed Combat
  5871 | D:9      | Noticed a two-headed ogre
  5901 | D:7      | Reached XP level 10. HP: 87/88 MP: 11/11
  5918 | D:7      | Found a staircase to the Ecumenical Temple.
  6069 | Temple   | Entered the Ecumenical Temple
  6177 | D:9      | HP: 1/88 [two-headed ogre/+0 giant club (11)]
  6179 | D:8      | Mangled by a two-headed ogre

Illustrated notes

Levels and vault maps discovered:
D:1:      lemuel_arrival_lava_pool, layout_loops_corners,
          dreamdust_ecumenical_altar_statues
D:2:      layout_loops_cross, basic_altar, minmay_misc_feat_square, uniq_terence
D:3:      layout_loops_ring, minmay_misc_feat_hallway
D:4:      layout_loops_ring, serial_shops, nicolae_shop_overgrown_old_shop
D:5:      layout_basic, serial_shops,
          nicolae_shop_temple_entry_statues_fountains,
          chequers_serial_rivers_small_3
D:6:      layout_cave_pools, gammafunk_ghost_grave, uniq_grinder
D:7:      minmay_spotlight, layout_basic, minmay_temple_entry_proselytizer,
          minmay_misc_feat_nine_boxes, uniq_maggie
D:8:      layout_rooms, grunt_ministairs_2
D:9:      layout_roguey, special_room [special_room_orc],
          hangedman_decor_peaks_small, minmay_hollow_rounded_squares
D:10:     layout_rooms, slow_altar_1, minmay_lair_entry_grove,
          kennysheep_generic_room_2, uniq_harold, uniq_fannar
Temple:   dpeg_three_leaves_temple

Skill      XL: |  1  2  3  4  5  6  7  8  9 10 |
---------------+-------------------------------+-----
Fighting       | 3 4 5 6 |  6.2
Dodging        | 3 4 5 6 |  6.2
Unarmed Combat | 4 5 6 7 8 10 | 10.2
Invocations    | 2 3 4 |  4.0
Stealth        | |  1.0

Action                   |  1- 3 |  4- 6 |  7- 9 | 10-12 || total
-------------------------+-------+-------+-------+-------++-------
Melee: Unarmed           |    83 |    86 |   206 |     4 ||   379
       Punch             |     3 |     2 |     7 |       ||    12
Invok: Ancestor Life: He |     1 |       |       |       ||     1
       Recall Ancestor   |       |     2 |     2 |       ||     4
       Ancestor Identity |       |     1 |       |       ||     1
       Idealise          |       |       |     1 |       ||     1
  Use: Scroll            |       |     9 |     3 |       ||    12
       Potion            |       |       |       |     1 ||     1
 Stab: Sleeping          |     2 |     1 |     2 |       ||     5
       Distracted        |       |       |     4 |       ||     4
       Confused          |       |       |     1 |       ||     1
Armor: Robe              |    23 |    46 |    17 |       ||    86
       Steam dragon scal |       |       |    29 |     2 ||    31
Dodge: Dodged            |    46 |    57 |    92 |       ||   195
